 Dungeon Sprint DCSS version 0.17-a0-1446-gc28613e (webtiles) character file.

275 hexophile the Firebug (level 6, -2/49 HPs)
             Began as a Naga Fire Elementalist on June 28, 2015.
             Was a Priest of Cheibriados.
             Slain by a troll (10 damage)
             ... in the Dungeon (Sprint IX: "|||||||||||||||||||||||||||||").
             The game lasted 00:05:05 (404 turns).

hexophile the Firebug (Naga Fire Elementalist)       Turns: 404, Time: 00:05:05

Health: -2/49      AC:  4    Str: 16    XL:     6   Next: 25%
Magic:  8/15       EV: 10    Int: 23    God:    Cheibriados [***...]
Gold:   0          SH:  0    Dex: 24    Spells: 3 memorised, 9 levels left

rFire  . . .     SeeInvis +     m - +2 halberd (venom)
rCold  . . .     Clarity  .     a - +0 robe
rNeg   . . .     SustAt   .     (no shield)
rPois  +         Gourm    .     (no helmet)
rElec  .         Spirit   .     (no cloak)
rCorr  .         Warding  .     n - +0 pair of gloves
rMut   .         NoTele   +     (no barding)
MR     .....                    (no amulet)
Stlth  +++.......               q - +3 ring of dexterity
                                p - +3 ring of dexterity

@: very slightly contaminated, very slow, not resistant to hostile enchantments,
fairly stealthy
A: see invisible, deformed body, poison resistance, slowness 2, slow metabolism
1, spit poison 2, AC +2
a: Spit Poison, Bend Time, Temporal Distortion, Renounce Religion


You were in the Dungeon.
You worshipped Cheibriados.
Cheibriados was most pleased with you.
You were not hungry.

You visited 1 branch

Inventory:

Hand weapons
 e - a +0 dagger
 m - a +2 halberd of venom (weapon)
Armour
 a - a +0 robe (worn)
 n - a +0 pair of gloves (worn)
 o - a +1 chain mail
Jewellery
 p - a +3 ring of dexterity (left hand)
 q - a +3 ring of dexterity (right hand)
Magical devices
 k - a wand of draining (7)
Scrolls
 j - 2 scrolls of amnesia
 l - 3 scrolls of remove curse
Potions
 d - 3 potions of curing
 f - a potion of heal wounds
 g - 2 potions of magic
 h - a potion of berserk rage
 i - a potion of invisibility
Books
 b - a book of Flames

   Spells                             Type                      Level
   a - Flame Tongue                   Conjuration/Fire             1
   b - Throw Flame                    Conjuration/Fire             2
   c - Conjure Flame                  Conjuration/Fire             3
   d - Inner Flame                    Hexes/Fire                   3
   e - Sticky Flame                   Conjuration/Fire             4
   f - Fireball                       Conjuration/Fire             5
Comestibles
 c - a bread ration


   Skills:
 * Level 5.0 Armour
 - Level 1.5 Dodging
 - Level 3.0 Stealth
 * Level 6.0 Spellcasting
 * Level 6.3 Conjurations
 * Level 6.9 Fire Magic


You had 9 spell levels left.
You knew the following spells:

 Your Spells              Type           Power        Failure   Level  Hunger
a - Flame Tongue          Conj/Fire      #####        1%          1    None
b - Conjure Flame         Conj/Fire      #####...     1%          3    #......
c - Sticky Flame          Conj/Fire      #####...     8%          4    ###....


Dungeon Overview and Level Annotations

Branches:
Dungeon (1/1)

Altars:
Cheibriados
Dithmenos
Elyvilon
Fedhas
Gozag
Kikubaaqudgha
Makhleb
Nemelex Xobeh
Okawaru
Qazlal
Ru
Sif Muna
Trog
Vehumet
Xom
Yredelemnul
Zin
The Shining One
Beogh
Jiyva
Lugonu


Innate Abilities, Weirdness & Mutations

You cannot wear boots.
Your serpentine skin is tough (AC +2).
You have supernaturally acute eyesight.
Armour fits poorly on your strangely shaped body.
Your system is resistant to poisons.
You cover ground very slowly.
You have a slow metabolism.
You can spit poison.


Message History

Your Armour skill increases to level 5!
Your Spellcasting skill increases to level 6!
Your Conjurations skill increases to level 6!
You have reached level 6!
Your experience leads to an increase in your attributes!
Your base attributes are Str 10, Int 16, Dex 12.
Increase (S)trength, (I)ntelligence, or (D)exterity?
You feel clever.
Your skin feels tougher.
The troll is engulfed in roaring flames.
Casting: Conjure Flame
Confirm with . or Enter, or press ? or * to list all spells.
Aiming: Sticky Flame
Press: ? - help, Shift-Dir - straight line, f - troll
Aim: a troll (moderately wounded)
The sticky flame hits the troll.
The troll is heavily wounded.
The troll is covered in liquid flames!
The troll burns!
The troll bites you!
* * * LOW HITPOINT WARNING * * *
The troll completely misses you. The troll claws you!
You die...

▓+▓
▓.▓
▓.▓
▓C▓
▓b▓
▓§▓
▓T▓
▓@▓
▓.▓
▓)▓
▓.▓
▓.▓
▓[▓
▓)▓
▓|▓
▓.▓


You could see a hill giant, a troll (burning) and a bat.

Vanquished Creatures
  2 ice beasts (D)
  An ogre (D)
  A bat (D)
  A hobgoblin (D)
  2 kobolds (D)
  2 goblins (D)
  2 jackals (D)
  2 rats (D)
13 creatures vanquished.

Notes
Turn   | Place    | Note
--------------------------------------------------------------
     0 | D        | hexophile the Naga Fire Elementalist began the quest for the Orb.
     0 | D        | Reached XP level 1. HP: 15/15 MP: 3/3
    34 | D        | Reached skill level 1 in Armour
   274 | D        | Noticed an ogre
   290 | D        | Reached XP level 2. HP: 10/22 MP: 0/5
   294 | D        | Found a glowing silver altar of Zin.
   294 | D        | Found a glowing golden altar of the Shining One.
   294 | D        | Found an ancient bone altar of Kikubaaqudgha.
   294 | D        | Found a basalt altar of Yredelemnul.
   294 | D        | Found a shimmering altar of Xom.
   294 | D        | Found a radiant altar of Vehumet.
   295 | D        | Found an iron altar of Okawaru.
   296 | D        | Found a burning altar of Makhleb.
   297 | D        | Found a deep blue altar of Sif Muna.
   298 | D        | Found a bloodstained altar of Trog.
   299 | D        | Found a sparkling altar of Nemelex Xobeh.
   300 | D        | Found a white marble altar of Elyvilon.
   301 | D        | Found a roughly hewn altar of Beogh.
   302 | D        | Found a viscous altar of Jiyva.
   303 | D        | Found a corrupted altar of Lugonu.
   304 | D        | Found a blossoming altar of Fedhas.
   307 | D        | Found a snail-covered altar of Cheibriados.
   308 | D        | Found a shadowy altar of Dithmenos.
   309 | D        | Found a stormy altar of Qazlal.
   310 | D        | Found an opulent altar of Gozag.
   311 | D        | Found a sacrificial altar of Ru.
   315 | D        | Became a worshipper of Cheibriados the Contemplative
   352 | D        | Acquired Cheibriados's first power
   359 | D        | Killed an ogre
   359 | D        | Reached skill level 4 in Spellcasting
   359 | D        | Reached skill level 5 in Fire Magic
   359 | D        | Reached XP level 3. HP: 26/28 MP: 5/8
   359 | D        | Reached XP level 4. HP: 33/36 MP: 6/10
   372 | D        | Learned a level 3 spell: Conjure Flame
   377 | D        | Learned a level 4 spell: Sticky Flame
   379 | D        | Noticed a hill giant
   379 | D        | Noticed a troll
   379 | D        | Noticed an ice beast
   379 | D        | Noticed an ice beast
   386 | D        | Killed an ice beast
   386 | D        | Reached skill level 5 in Spellcasting
   386 | D        | Reached skill level 5 in Conjurations
   386 | D        | Reached skill level 6 in Fire Magic
   386 | D        | Reached XP level 5. HP: 28/42 MP: 8/13
   403 | D        | Killed an ice beast
   403 | D        | Acquired Cheibriados's second power
   403 | D        | Reached skill level 5 in Armour
   403 | D        | Reached XP level 6. HP: 21/49 MP: 12/15
   404 | D        | Slain by a troll

Vault maps used:
D:        linesprint

Action                   |  1- 3 |  4- 6 || total
-------------------------+-------+-------++-------
Melee: Unarmed           |    16 |       ||    16
       Halberd           |     8 |    13 ||    21
 Cast: Flame Tongue      |     7 |       ||     7
       Conjure Flame     |       |     5 ||     5
       Sticky Flame      |       |     2 ||     2
 Abil: Spit Poison       |     9 |       ||     9
  Use: Potion            |     4 |     3 ||     7
       Scroll            |     2 |       ||     2
